 Dungeon Crawl Stone Soup version 0.18-a0-1542-g9c1a92e (webtiles) character file.

14 4thArraOfDagon the Grasshopper (level 2, 0/22 HPs)
             Began as a Mummy Warper on Mar 10, 2016.
             Slain by Robin
             ... wielding a +0 whip of electrocution
              (19 damage)
             ... on level 2 of the Dungeon.
             The game lasted 00:01:38 (355 turns).

4thArraOfDagon the Grasshopper (Mummy Warper)        Turns: 355, Time: 00:01:38

Health: 0/22       AC:  9    Str: 14    XL:     2   Next: 27%
Magic:  5/5        EV:  6    Int: 12    God:
Gold:   35         SH:  0    Dex: 11    Spells: 1 memorised, 4 levels left

rFire  x . .     SeeInvis .     a - +0 falchion
rCold  + . .     Gourm    .     g - +0 ring mail
rNeg   + + +     Faith    .     (no shield)
rPois  ∞         Spirit   .     (no helmet)
rElec  .         Dismiss  .     (no cloak)
rCorr  .         Reflect  .     i - +2 pair of gloves
SustAt .         Harm     .     b - +0 pair of boots
MR     .....                    (no amulet)
Stlth  +.........               (no ring)
                                (no ring)

@: not resistant to hostile enchantments, very unstealthy
A: no food or potions, fire vulnerability, cold resistance 1, negative energy
resistance 3, torment resistance, unbreathing
a: no special abilities


You were on level 2 of the Dungeon.
You were not hungry.

You visited 1 branch of the dungeon, and saw 2 of its levels.

You collected 35 gold pieces.

Inventory:

Hand Weapons
 a - a +0 falchion (weapon)
 j - a +0 club
Missiles
 e - 5 tomahawks of dispersal (quivered)
Armour
 b - a +0 pair of boots (worn)
 g - a +0 ring mail (worn)
 i - a +2 pair of gloves (worn)
Scrolls
 d - a scroll of blinking
 f - a scroll of teleportation {unknown}
 h - a scroll of magic mapping {unknown}
Books
 c - a book of Spatial Translocations

   Spells                             Type                      Level
   a - Apportation                    Translocation                1
   b - Blink                          Translocation                2
   c - Shroud of Golubria             Charms/Translocation         2
   d - Portal Projectile              Translocation                3
   e - Teleport Other                 Translocation                3
   f - Passage of Golubria            Translocation                4


   Skills:
 - Level 2.0 Fighting
 - Level 1.9 Long Blades
 * Level 0.0 Maces & Flails
 - Level 0.7 Throwing
 + Level 1.2 Armour
 + Level 1.9 Dodging
 - Level 2.0 Spellcasting
 - Level 2.4 Translocations


You had 4 spell levels left.
You knew the following spells:

 Your Spells              Type           Power        Failure   Level  Hunger
a - Apportation           Tloc           #.........   24%         1    N/A

Dungeon Overview and Level Annotations

Branches:
Dungeon (2/15)

Altars:

Annotations:
D:2 Jessica, Robin


Innate Abilities, Weirdness & Mutations

You do not eat or drink.
Your flesh is vulnerable to fire.
You are immune to poison.
Your flesh is cold resistant.
You are immune to negative energy.
You are immune to unholy pain and torment.
You can survive without breathing.


Message History

The bat is moderately wounded.
The bat hits you but does no damage.
Unknown command.
The bat closely misses you.
Robin roars a battlecry!
You barely miss the bat.
The bat is moderately wounded.
The bat closely misses you.
You can't drink.
The bat hits you but does no damage.
There is a stone staircase leading up here.
You slash the bat!
You kill the bat!
A hobgoblin comes into view.
The hobgoblin shouts! x2
Unknown command.
The goblin shouts! x2
Robin hits you but does no damage.
You are electrocuted!
Ouch! That really hurt!
You die...

........#
....|.... .
........## ..
.......g.# ..>
...g.....### ....
#
...........##.....
....gg..##........
#...((g@.......
...g.♣♣#####......
#.. ##### # . .r
... .... ....#


You could see Robin, 2 hobgoblins and 3 goblins.

Vanquished Creatures
  2 bats
  A giant cockroach (D:1)
  2 goblins (D:1)
  3 hobgoblins (D:1)
  4 kobolds
  2 rats (D:1)
14 creatures vanquished.

Notes
Turn   | Place    | Note
--------------------------------------------------------------
     0 | D:1      | 4thArraOfDagon the Mummy Warper began the quest for the Orb.
     0 | D:1      | Reached XP level 1. HP: 16/16 MP: 3/3
   152 | D:1      | Reached skill level 1 in Armour
   215 | D:2      | Noticed Jessica
   215 | D:2      | Noticed Robin
   229 | D:1      | Reached XP level 2. HP: 12/22 MP: 5/5
   355 | D:2      | Slain by Robin

Vault maps used:
D:1:      dpeg_arrival_signposts, grunt_decor_cap
D:2:      old_standard_altar, lightli_temple_of_fire, serial_bayou_pond_e,
          uniq_jessica, uniq_robin

Skill      XL: |  1 |
---------------+----+-----
Armour         | 1 |  1.2
Fighting       | |  2.0
Long Blades    | |  1.9
Throwing       | |  0.7
Dodging        | |  1.9
Spellcasting   | |  2.0
Translocations | |  2.4

Action                   || total
-------------------------++-------
Melee: Falchion          ||    46
